 Dungeon Crawl Stone Soup version 0.31-a0-978-g1e143483b6 (webtiles) character file.

Game seed: 12023593001662674476

176364 Flugkiller the Spry (level 17, -5/91 HPs)
             Began as a Spriggan Venom Mage on Oct 30, 2023.
             Was an Initiate of Gozag.
             Killed themself with a badly aimed burst of rock shards (14 damage)
             ... on level 4 of the Swamp.
             The game lasted 01:30:40 (44901 turns).

Flugkiller the Spry (Spriggan Venom Mage)          Turns: 44901, Time: 01:30:41

Health: -5/91      AC:  7    Str:  7    XL:     17   Next: 50%
Magic:  23/36      EV: 37    Int: 30    God:    Gozag
Gold:   6743       SH:  0    Dex: 22    Spells: 2/44 levels left

rFire   . . .        W - +7 Spriggan's Knife {stab, EV+4 Stlth+}
rCold   + . .        F - orb {guile}
rNeg    + . .        x - +2 robe of Acaomp {rN+ Will+ Str+3 Int+3}
rPois   .            a - +2 hat {Int+3}
rElec   .            v - +0 cloak
rCorr   .            (gloves unavailable)
SInv    +            (boots unavailable)
Will    +....        R - amulet of regeneration
Stlth   +++++++      c - ring of protection from cold
HPRegen 1.15/turn    L - +6 ring of dexterity
MPRegen 0.25/turn

%: no passive effects
@: gold aura, very quick
A: very small, no large weapons, unfitting armour, see invisible, speed 3
a: Renounce Religion, Potion Petition, Call Merchant, Bribe Branch


You were on level 4 of the Swamp.
You worshipped Gozag.
Gozag was greatly pleased with you.
You visited 5 branches of the dungeon, and saw 27 of its levels.
You also visited: Sewer, Ice Cave and Volcano.

You collected 10321 gold pieces.
You spent 3418 gold pieces at shops.
You paid 160 gold pieces to Gozag.

Inventory:

Hand Weapons
 W - the +7 Spriggan's Knife (weapon) {stab, EV+4 Stlth+}
   (You found it on level 15 of the Dungeon)

   Stab:      It is more effective when stabbing unaware enemies, sometimes
   treating them as though they were completely helpless.
   EV+4:      It affects your evasion (+4).
   Stlth+:    It makes you more stealthy.
Missiles
 k - a curare-tipped dart
 I - 4 throwing nets
Armour
 a - a +2 hat of intelligence (worn)
   (You took it off Gastronok on level 1 of the Lair of Beasts)
 v - a +0 cloak (worn)
   (You found it on level 6 of the Dungeon)
 x - the +2 robe of Acaomp (worn) {rN+ Will+ Str+3 Int+3}
   (You bought it in a shop on level 14 of the Dungeon)

   Str+3:     It affects your strength (+3).
   Int+3:     It affects your intelligence (+3).
   rN+:       It protects you from negative energy.
   Will+:     It increases your willpower.
 F - an orb of guile (worn)
   (You found it on level 4 of the Lair of Beasts)
 M - a scarf of resistance
   (You found it in an ice cave)
Magical Staves
 B - a staff of cold
   (You found it on level 2 of the Swamp)
Jewellery
 c - a ring of protection from cold (left hand)
   (You found it on level 8 of the Dungeon)
 f - a ring of protection from fire
   (You found it on level 1 of the Lair of Beasts)
 m - a ring of willpower
   (You found it on level 3 of the Lair of Beasts)
 p - a +4 ring of protection
   (You found it on level 1 of the Dungeon)
 L - a +6 ring of dexterity (right hand)
   (You bought it in a shop on level 3 of the Dungeon)
 R - an amulet of regeneration (around neck)
   (You found it on level 4 of the Dungeon)
Wands
 H - a wand of light (21)
   (You found it on level 8 of the Dungeon)
 N - a wand of digging (3)
   (You found it on level 15 of the Dungeon)
 Q - a wand of flame (32)
   (You found it on level 4 of the Lair of Beasts)
 V - a wand of charming (23)
   (You found it on level 15 of the Dungeon)
Scrolls
 g - 6 scrolls of fog
 j - 3 scrolls of fear
 l - 2 scrolls of summoning
 r - 5 scrolls of identify
 t - 5 scrolls of teleportation
 z - 3 scrolls of blinking
 D - 2 scrolls of revelation
 E - 3 scrolls of poison
 G - 3 scrolls of vulnerability
 J - 4 scrolls of immolation
 K - a scroll of torment
Potions
 b - a potion of magic
 d - 3 potions of might
 e - 3 potions of invisibility
 h - 5 potions of haste
 i - 4 potions of lignification
 n - 2 potions of resistance
 o - 2 potions of attraction
 q - 10 potions of curing
 s - a potion of enlightenment
 u - a potion of ambrosia
 w - 6 potions of heal wounds
 A - 2 potions of brilliance
 C - 3 potions of mutation
 P - 2 potions of berserk rage
 S - a potion of cancellation {unknown}
Miscellaneous
 O - a tin of tremorstones (2/2)
   (You found it on level 2 of the Swamp)
 T - a phial of floods
   (You found it on level 5 of the Lair of Beasts)


   Skills:
 - Level 11.3 Fighting
 - Level 5.0 Short Blades
 - Level 16.8 Dodging
 + Level 13.4 Stealth
 - Level 14.0 Spellcasting
 - Level 5.0 Conjurations
 - Level 12.1 Transmutations
 - Level 14.6 Ice Magic
 - Level 5.0 Air Magic
 - Level 10.0 Poison Magic
 - Level 11.0 Evocations


You had 2 spell levels left.
You knew the following spells:

 Your Spells              Type           Power      Damage    Failure   Level
a - Ozocubu's Refrigerat  Ice            41%        4d16      4%          7
b - Poisonous Vapours     Pois/Air       100%       N/A       1%          2
c - Olgreb's Toxic Radia  Pois           69%        N/A       1%          4
d - Mephitic Cloud        Conj/Pois/Air  57%        N/A       1%          3
e - Ignite Poison         Fire/Tmut/Pois 60%        N/A       1%          3
f - Ozocubu's Armour      Ice            83%        N/A       1%          3
g - Freezing Cloud        Conj/Ice/Air   31%        6-21      2%          5
h - Eringya's Noxious Bo  Tmut/Pois      36%        4d6       3%          6
i - Irradiate             Conj/Tmut      32%        3d22      1%          5
j - Petrify               Tmut/Erth      55%        N/A       1%          4

Your spell library contained the following spells:

 Spells                   Type           Power      Damage    Failure   Level
 Sting                    Tmut/Pois      100%       1d8       1%          1
 Cigotuvi's Dreadful Rot  Necr/Pois/Air  100%       N/A       1%          2
 Ensorcelled Hibernation  Hex/Ice        100%       N/A       1%          2
 Static Discharge         Conj/Air       100%       3-8/arc   1%          2
 Apportation              Tloc           42%        N/A       2%          1
 Summon Small Mammal      Summ           84%        N/A       2%          1
 Sublimation of Blood     Necr           21%        N/A       3%          2
 Frozen Ramparts          Ice            100%       1d16      1%          3
 Hailstorm                Conj/Ice       68%        3d14      1%          3
 Summon Ice Beast         Ice/Summ       60%        N/A       1%          4
 Alistair's Intoxication  Tmut/Pois      48%        N/A       1%          5
 Airstrike                Air            25%        2d(4-20)  3%          4
 Metabolic Englaciation   Hex/Ice        30%        N/A       3%          5
 Call Canine Familiar     Summ           21%        N/A       7%          3
 Summon Guardian Golem    Hex/Summ       21%        N/A       7%          3
 Summon Lightning Spire   Summ/Air       36%        N/A       9%          4
 Dispel Undead            Necr           21%        3d11      22%         4
 Leda's Liquefaction      Hex/Erth       10%        N/A       22%         4
 Lee's Rapid Deconstruct  Erth           10%        3d8*      54%         5
 Summon Forest            Summ/Tloc      10%        N/A       54%         5
 Death Channel            Necr           10%        N/A       98%         6
 Malign Gateway           Summ/Tloc      10%        N/A       100%        7
 Borgnjor's Revivificati  Necr           10%        N/A       100%        8
 Infestation              Necr           10%        N/A       100%        8
 Summon Horrible Things   Summ           10%        N/A       100%        8
 Shatter                  Erth           10%        3d12*     100%        9
 Simulacrum               Ice/Necr       Unusable   N/A       N/A         6

Dungeon Overview and Level Annotations

Branches:
Dungeon (15/15) Zot: 24660  Temple (1/1) D:7 Zot: 5857    Lair (5/5) D:11 Zot: 22115
  Swamp (4/4) Lair:2 Zot: 19190  Spider (0/4) Lair:2        Slime (0/5) Lair:4
    Orc (2/2) D:9 Zot: 9925     Elf (0/3) Orc:2        Vaults (0/5) D:13
 Depths (0/4) D:15          Sewer (visited)           IceCv (visited)
Volcano (visited)

Altars:
Ashenzari
Cheibriados
Dithmenos
Elyvilon
Fedhas
Gozag
Hepliaklqana
Kikubaaqudgha
Makhleb
Nemelex Xobeh
Okawaru
Qazlal
Ru
Sif Muna
Trog
Uskayaw
Vehumet
Wu Jian
Xom
Yredelemnul
Zin
The Shining One
Jiyva

Shops:
D:2 (   D:3 =   D:5 =   D:6 (   D:12 :   D:14 ([*(*   Orc:1 [   Orc:2 ((!

Portals:
Trove: D:10 (give horn of Geryon)

Annotations:
D:7 3 runed translucent doors, MrCrawl's ghost, novice DrFE
D:8 exclusion: 4 oklob plants
Lair:5 exclusion: obsidian statue


Innate Abilities, Weirdness & Mutations

You are very small and have problems with some larger weapons.
You are too small for most types of armour.
You have supernaturally acute eyesight. (SInv)
You cover ground extremely quickly. (Speed+++)


Message History

The seven-headed hydra simulacrum closely misses you.
The helpless seven-headed hydra simulacrum fails to defend itself.
You spit the seven-headed hydra simulacrum like a pig!!!!
The seven-headed hydra simulacrum vaporises!
The helpless six-headed hydra simulacrum fails to defend itself.
You spit the six-headed hydra simulacrum like a pig!!!!
The six-headed hydra simulacrum vaporises!
You start resting.
HP restored.
You start resting.
Your magical contamination has completely faded away.
You now have 6735 gold pieces (gained 6).
You now have 6743 gold pieces (gained 8).
You start resting.
Magic restored.
A five-headed hydra simulacrum and a four-headed hydra simulacrum come into view. 3 seven-headed hydra simulacra come into view.
An ice dragon and a seven-headed hydra simulacrum come into view.
Found 30 gold pieces.
Casting: Irradiate (dangerous; 1% risk of failure)
Confirm with . or Enter, or press ? or * to list all spells.
You spew toxic sludge!
The seven-headed hydra simulacrum festers in the toxic bog.
Unknown command.
Casting: Eringya's Noxious Bog (dangerous; 3% risk of failure)
Confirm with . or Enter, or press ? or * to list all spells.
You ignite the poison in your surroundings!
The four-headed hydra simulacrum festers in the toxic bog.
The four-headed hydra simulacrum is engulfed in blazing flames.
The four-headed hydra simulacrum festers in the toxic bog.
Unknown command.
Casting: Ignite Poison (safe; 1% risk of failure)
Confirm with . or Enter, or press ? or * to list all spells.
You ignite the poison in your surroundings!
The seven-headed hydra simulacrum is engulfed in blazing flames.
The seven-headed hydra simulacrum festers in the toxic bog!
The seven-headed hydra simulacrum vaporises!
The four-headed hydra simulacrum festers in the toxic bog.
You puncture the four-headed hydra simulacrum!
The four-headed hydra simulacrum is almost destroyed.
The seven-headed hydra simulacrum festers in the toxic bog!
The seven-headed hydra simulacrum festers in the toxic bog.
The five-headed hydra simulacrum is engulfed in blazing flames.
The five-headed hydra simulacrum festers in the toxic bog.
Casting: Ignite Poison (safe; 1% risk of failure)
Confirm with . or Enter, or press ? or * to list all spells.
You ignite the poison in your surroundings!
The seven-headed hydra simulacrum is engulfed in blazing flames.
The seven-headed hydra simulacrum festers in the toxic bog!
The four-headed hydra simulacrum misses you.
The four-headed hydra simulacrum closely misses you.
The four-headed hydra simulacrum completely misses you. x2
The seven-headed hydra simulacrum festers in the toxic bog.
The seven-headed hydra simulacrum bites you but does no damage. x2
The seven-headed hydra simulacrum closely misses you.
The seven-headed hydra simulacrum misses you.
The seven-headed hydra simulacrum bites you.
The seven-headed hydra simulacrum freezes you!
You resist.
The seven-headed hydra simulacrum bites you but does no damage.
The seven-headed hydra simulacrum misses you.
The five-headed hydra simulacrum festers in the toxic bog!
The five-headed hydra simulacrum vaporises!
The seven-headed hydra simulacrum bites you.
The seven-headed hydra simulacrum freezes you!
You resist.
The seven-headed hydra simulacrum misses you.
The seven-headed hydra simulacrum completely misses you.
The seven-headed hydra simulacrum barely misses you.
The seven-headed hydra simulacrum completely misses you. x2
The seven-headed hydra simulacrum misses you.
Unknown command.
The seven-headed hydra simulacrum festers in the toxic bog!
The seven-headed hydra simulacrum attacks as it pursues you!
The seven-headed hydra simulacrum completely misses you.
The seven-headed hydra simulacrum closely misses you.
The seven-headed hydra simulacrum completely misses you.
The seven-headed hydra simulacrum bites you.
The seven-headed hydra simulacrum freezes you!
You resist.
The seven-headed hydra simulacrum bites you.
The seven-headed hydra simulacrum freezes you!
You resist.
The seven-headed hydra simulacrum misses you.
The seven-headed hydra simulacrum completely misses you.
Your noxious spew wanes.
The tremorstone explodes into fragments!
The burst of rock shards engulfs the four-headed hydra simulacrum!!
The four-headed hydra simulacrum vaporises!
The burst of rock shards engulfs you!
* * * LOW HITPOINT WARNING * * *
The burst of rock shards engulfs the seven-headed hydra simulacrum!!
The seven-headed hydra simulacrum vaporises!
The burst of rock shards engulfs you!
* * * LOW HITPOINT WARNING * * *
The burst of rock shards engulfs you!
* * * LOW HITPOINT WARNING * * *
The burst of rock shards engulfs you!
You die...
Your body crumbles into a pile of gold.

#≈.$~°§☼≈≈≈
#≈..~≈≈○# ♣♣♣♣♣♣
#..# ♣♣♣≈≈≈≈♣ ##Z.#
♣♣≈≈≈≈≈≈≈ ##☼○##
♣♣≈≈≈≈≈.≈≈ #..##
♣♣≈≈≈≈..... #..#
♣≈≈≈≈...... #..#
♣♣≈≈....~~. #.@♣#
♣♣≈≈.~.~~~
##..##♣♣♣♣♣♣♣♣...~.
###..#♣≈≈♣♣ ♣♣.~~~~
#...##♣≈≈≈♣♣♣.~~~..
##♣.## ♣≈≈≈♣.♣♣~.~.
##^.#♣♣≈≈^.♣♣~.~♣~
#..##♣≈≈..♣♣~.~~~~
#..# ♣♣..♣♣♣.§~~§~
#..# #≈.≈≈♣♣~~~~.~


You could see a seven-headed hydra simulacrum.

Vanquished Creatures
  Jorgrun (D:15)
  Rupert (Lair:4)
  A quicksilver dragon (shapeshifter) (D:15)
  2 thorn hunters
  Gastronok (Lair:1)
  3 fenstrider witches
  An orc warlord (Orc:2)
  2 ghouls (Swamp:1)
  7 eleionomae
  4 dire elephants (Lair:5)
  7 bunyips
  A shambling mangrove (Swamp:4)
  Harold (D:9)
  Erolcha (D:9)
  A hydra (shapeshifter) (D:13)
  3 catoblepae
  9 hydras
  A sphinx zombie (D:15)
  9 vault guards
  4 ghost crabs
  3 ogre magi
  A boulder beetle (D:12)
  9 alligators
  A sphinx skeleton (D:15)
  A centaur warrior (D:15)
  A hell hog (Volcano)
  14 two-headed ogres
  3 tengu warriors
  Urug (Orc:2)
  3 death yaks (Lair:5)
  2 spectral dire elephants (Lair:5)
  6 goliath frogs
  A fire crab (Volcano)
  An iron troll (Orc:2)
  9 skeletal warriors
  3 spriggan druids (Swamp:4)
  A deep troll (Orc:2)
  A spectral anaconda (Lair:5)
  2 swamp dragons (Swamp:2)
  A flayed ghost (D:15)
  4 bog bodies
  6 necromancers
  4 orc knights
  A manticore (shapeshifter) (D:14)
  3 orc sorcerers (Orc:2)
  6 cyclopes
  2 will-o-the-wisps
  17 ugly things
  4 manticores
  A dire elephant zombie (Lair:5)
  11 elephants
  4 black mambas
  An ice statue (IceCv)
  2 molten gargoyles (Volcano)
  2 torpor snails
  A dire elephant skeleton (Lair:5)
  An unseen horror (D:12)
  13 komodo dragons
  5 rime drakes
  10 freezing wraiths
  16 cane toads
  An efreet (D:13)
  A tengu conjurer (D:15)
  10 ice devils (IceCv)
  A meliai (Lair:2)
  14 trolls
  A polar bear (Lair:3)
  15 tyrant leeches
  9 hornets
  3 bloated husks
  2 spectral elephants (Lair:5)
  A glass eye (D:8)
  12 dream sheep
  28 blink frogs
  19 slime creatures
  2 vampires
  3 wraiths
  4 wyverns
  3 dire elephant simulacra (IceCv)
  55 yaks
  A shadow (D:11)
  4 basilisks
  8 spriggans
  7 fire bats (Volcano)
  3 swamp worm simulacra (Swamp:4)
  6 death yak simulacra
  4 steam dragons
  21 vampire mosquitoes
  27 swamp worms
  3 wargs
  A spectral cane toad (Lair:5)
  16 hydra simulacra
  2 harpy simulacra (IceCv)
  14 water moccasins
  Pargi (D:4)
  18 orc warriors
  3 swamp drakes (Swamp:1)
  5 ice beasts
  3 black bears
  An elephant zombie (Lair:5)
  25 ogres
  21 wolves
  8 centaurs
  An elephant skeleton (Lair:5)
  6 kobold brigands
  15 bullfrogs
  5 scorpions
  A necrophage (Swamp:2)
  5 cane toad simulacra
  16 wights
  21 killer bees
  4 elephant simulacra
  2 howler monkeys
  An electric eel (Lair:2)
  4 lava snakes (Volcano)
  3 hounds
  13 orc priests
  2 jellies (D:6)
  2 sleepcaps
  11 orc wizards
  An iguana (D:5)
  4 polar bear simulacra (IceCv)
  3 wolf simulacra (IceCv)
  2 spriggan simulacra (IceCv)
  8 gnolls (D:8)
  11 adders
  A river rat (Sewer)
  2 naga simulacra (IceCv)
  3 white imps
  An ufetubus (IceCv)
  5 swamp drake simulacra (Swamp:4)
  6 worms
  A dart slug (D:2)
  52 orcs
  3 bats
  14 endoplasms
  6 giant cockroaches
  6 goblins
  3 hobgoblins
  16 ball pythons
  A frilled lizard (D:3)
  24 kobolds
  12 rats
921 creatures vanquished.

Vanquished Creatures (others)
  A bloated husk (Swamp:1)
  2 foxfires (Swamp:3)
3 creatures vanquished.

Grand Total: 924 creatures vanquished

Notes
Turn   | Place    | Note
-------+----------+-------------------------------------------
     0 | D:1      | Flugkiller the Spriggan Venom Mage began the quest for the
                  | Orb.
     0 | D:1      | Reached XP level 1. HP: 9/9 MP: 5/5
   438 | D:1      | Found a faded altar of an unknown god.
   561 | D:1      | Reached XP level 2. HP: 13/13 MP: 4/7
   668 | D:1      | Learned a level 2 spell: Poisonous Vapours
  1570 | D:2      | Reached skill level 1 in Air Magic
  1570 | D:2      | Reached XP level 3. HP: 16/16 MP: 2/8
  2155 | D:2      | Reached XP level 4. HP: 21/21 MP: 6/9
  2261 | D:2      | Found Dify's Weapon Shoppe.
  3244 | D:3      | You fall into a shaft and drop 2 floors!
  3244 | D:5      | Entered Level 5 of the Dungeon
  3290 | D:5      | Reached skill level 5 in Poison Magic
  3346 | D:5      | Learned a level 4 spell: Olgreb's Toxic Radiance
  3358 | D:5      | Found a glowing drain.
  3365 | Sewer    | Entered a sewer
  3436 | Sewer    | Reached skill level 3 in Dodging
  3465 | Sewer    | Noticed a kobold brigand
  3489 | Sewer    | Killed a kobold brigand
  3490 | Sewer    | Reached XP level 5. HP: 24/24 MP: 1/11
  4145 | Sewer    | Reached skill level 4 in Dodging
  4145 | Sewer    | Reached XP level 6. HP: 19/28 MP: 3/13
  5469 | D:3      | Found Xunule Foopp's Jewellery Emporium.
  5590 | D:4      | Reached XP level 7. HP: 32/32 MP: 5/14
  5927 | D:4      | Found an iron altar of Okawaru.
  6055 | D:4      | Noticed Pargi
  6077 | D:4      | Killed Pargi
  6078 | D:4      | Reached skill level 1 in Fighting
  6078 | D:4      | Reached skill level 5 in Spellcasting
  6279 | D:4      | Learned a level 3 spell: Mephitic Cloud
  6283 | D:4      | Learned a level 3 spell: Ignite Poison
  6996 | D:5      | Found Zalo Koi's Jewellery Shop.
  7230 | D:6      | Reached XP level 8. HP: 39/39 MP: 4/16
  7322 | D:6      | Found Puschuenk's Firing Range.
  7418 | D:6      | Reached skill level 5 in Dodging
  7636 | D:6      | Reached skill level 6 in Dodging
  7661 | D:6      | Found a sparkling altar of Nemelex Xobeh.
  7828 | D:6      | Reached skill level 7 in Dodging
  8130 | D:6      | Identified the +2 spear of Anger {flame, rC+ Will+ Int+2}
  8799 | D:7      | Found a staircase to the Ecumenical Temple.
  8814 | Temple   | Entered the Ecumenical Temple
  8951 | Temple   | Became a worshipper of Gozag Ym Sagoz the Greedy
  9209 | D:7      | Reached XP level 9. HP: 44/44 MP: 4/17
  9367 | D:7      | Found a runed translucent gate.
  9367 | D:7      | Found an opulent altar of Gozag.
  9368 | D:7      | Found a runed translucent gate.
  9369 | D:7      | Found a runed translucent gate.
  9370 | D:7      | Noticed MrCrawl's ghost (novice DrFE)
  9747 | D:7      | Reached skill level 10 in Poison Magic
  9983 | D:7      | Reached skill level 8 in Dodging
 10299 | D:8      | Reached skill level 1 in Evocations
 10517 | D:8      | Noticed a troll
 10522 | D:8      | Killed a troll
 10523 | D:8      | Reached skill level 5 in Evocations
 10663 | D:8      | Noticed an oklob plant
 10835 | D:8      | Noticed an oklob plant
 10942 | D:8      | Identified the +4 robe "Teonlol" {Will- Int+3 Slay+3}
 10976 | D:8      | Noticed an oklob plant
 11001 | D:8      | Noticed an oklob plant
 11232 | D:9      | Reached XP level 10. HP: 49/49 MP: 9/20
 12076 | D:9      | Reached skill level 9 in Dodging
 12099 | D:9      | Noticed Erolcha
 12145 | D:9      | Killed Erolcha
 12146 | D:9      | Reached skill level 10 in Dodging
 12389 | D:9      | Noticed Harold
 12395 | D:9      | Killed Harold
 12396 | D:9      | Reached skill level 11 in Dodging
 12630 | D:9      | Found a staircase to the Orcish Mines.
 12788 | D:10     | Entered Level 10 of the Dungeon
 12795 | D:10     | Reached skill level 12 in Dodging
 13551 | D:10     | Noticed a vault guard
 13568 | D:10     | Killed a vault guard
 13569 | D:10     | Reached skill level 5 in Fighting
 13569 | D:10     | Reached XP level 11. HP: 55/55 MP: 15/21
 13958 | D:10     | Reached skill level 13 in Dodging
 14122 | D:10     | Found a portal to a secret trove of treasure.
 14293 | D:3      | Bought a +6 ring of dexterity for 396 gold pieces
 14708 | D:11     | Reached skill level 14 in Dodging
 14839 | D:11     | Found a frozen archway.
 14958 | IceCv    | Entered an ice cave
 15321 | IceCv    | Noticed a white ugly thing
 15364 | IceCv    | Killed a white ugly thing
 15538 | IceCv    | Noticed a white ugly thing
 15542 | IceCv    | Killed a white ugly thing
 15543 | IceCv    | Reached skill level 15 in Dodging
 16437 | IceCv    | Reached skill level 1 in Conjurations
 16714 | IceCv    | Reached XP level 12. HP: 63/63 MP: 15/23
 16763 | IceCv    | Found an ancient bone altar of Kikubaaqudgha.
 16842 | IceCv    | Learned a level 3 spell: Ozocubu's Armour
 16891 | IceCv    | Reached skill level 1 in Ice Magic
 17402 | IceCv    | Reached skill level 5 in Ice Magic
 17720 | IceCv    | Identified the ring "Atyu" {*Slow rPois rF- rN+ Str+8}
 18176 | D:11     | Found a staircase to the Lair.
 18663 | Lair:1   | Entered Level 1 of the Lair of Beasts
 18815 | Lair:1   | Noticed Gastronok
 19166 | Lair:1   | Learned a level 5 spell: Freezing Cloud
 20117 | Lair:1   | Killed Gastronok
 20289 | Lair:2   | You fall into a shaft and drop 1 floor!
 20289 | Lair:3   | Noticed a seven-headed hydra
 20307 | Lair:3   | Reached skill level 5 in Air Magic
 20307 | Lair:3   | Reached XP level 13. HP: 67/67 MP: 14/26
 20508 | Lair:3   | Reached skill level 10 in Ice Magic
 20944 | Lair:3   | Reached skill level 10 in Spellcasting
 22170 | Lair:2   | Found a hole to the Spider Nest.
 22301 | Lair:2   | Found a staircase to the Swamp.
 22301 | Lair:2   | Noticed an eleionoma
 22315 | Lair:2   | Killed an eleionoma
 22918 | Lair:2   | Upgraded the game from 0.31-a0-977-gc230f8ef24 to
                  | 0.31-a0-978-g1e143483b6
 22982 | Lair:4   | Noticed Rupert
 23061 | Lair:4   | Reached skill level 10 in Fighting
 23327 | Lair:4   | Reached skill level 10 in Evocations
 23360 | Lair:4   | Reached XP level 14. HP: 77/77 MP: 6/29
 23549 | Lair:4   | Killed Rupert
 24251 | Lair:4   | Found a viscous altar of Jiyva.
 24252 | Lair:4   | Found a staircase to the Slime Pits.
 24514 | Lair:5   | Entered Level 5 of the Lair of Beasts
 27119 | Lair:5   | Reached skill level 16 in Dodging
 28425 | D:12     | Found Bisent's Self-Published Books.
 28531 | D:12     | Bought the Compilation of Terraforming for 912 gold pieces
 28538 | D:12     | Learned a level 6 spell: Eringya's Noxious Bog
 29300 | D:11     | Reached skill level 5 in Transmutations
 30226 | D:13     | Reached XP level 15. HP: 83/83 MP: 14/30
 30676 | D:13     | Found a gate to the Vaults.
 30991 | D:13     | Reached skill level 10 in Transmutations
 31614 | D:14     | Found Gaxen's General Store.
 31623 | D:14     | Bought a scroll of acquirement for 572 gold pieces
 31623 | D:14     | Bought a scroll of blinking for 82 gold pieces
 31623 | D:14     | Bought a potion of invisibility for 88 gold pieces
 31623 | D:14     | Bought a potion of heal wounds for 55 gold pieces
 31623 | D:14     | Identified the of Xiotrav (You acquired it on level 14 of
                  | the Dungeon)
 31623 | D:14     | Acquired 603 gold pieces
 31626 | D:14     | Found Pigapih's Weapon Boutique.
 32028 | D:14     | Found Jexelut's Antique Armour Boutique.
 32143 | D:14     | Found Ilikluxt's Antique Weapon Emporium.
 32650 | D:14     | Found Owiziul's General Store.
 32697 | D:15     | Entered Level 15 of the Dungeon
 32831 | D:15     | Found a staircase to the Depths.
 33638 | D:15     | Noticed a quicksilver dragon
 33650 | D:15     | Killed a quicksilver dragon
 33651 | D:15     | Reached skill level 5 in Conjurations
 33749 | D:15     | Learned a level 5 spell: Irradiate
 33868 | D:15     | Noticed Jorgrun
 33882 | D:15     | Killed Jorgrun
 35009 | D:15     | Found the +7 Spriggan's Knife {stab, EV+4 Stlth+}
 35024 | D:15     | Learned a level 4 spell: Petrify
 35206 | Orc:1    | Entered Level 1 of the Orcish Mines
 35323 | Orc:1    | Found Zassusys's Armour Emporium.
 35354 | Orc:1    | Reached XP level 16. HP: 78/87 MP: 0/32
 35697 | Orc:1    | Found a dark tunnel.
 35704 | Volcano  | Entered a volcano
 36053 | Volcano  | Found a bloodstained altar of Trog.
 36641 | Orc:2    | Entered Level 2 of the Orcish Mines
 36650 | Orc:2    | Noticed Urug
 36796 | Orc:2    | Killed Urug
 36846 | Orc:2    | Found a staircase to the Elven Halls.
 38039 | Orc:2    | Found Qank's Distillery.
 38102 | Orc:2    | Found Subleleu's Assorted Antiques.
 38103 | Orc:2    | Found Anwetuocw's Antique Weapon Boutique.
 38113 | Orc:2    | Bought a potion of mutation for 128 gold pieces
 38115 | Orc:2    | Found Quurat's Weapon Emporium.
 38832 | D:14     | Bought a jewelled robe for 153 gold pieces
 38832 | D:14     | Identified the +2 robe of Acaomp {rN+ Will+ Str+3 Int+3}
                  | (You bought it in a shop on level 14 of the Dungeon)
 39043 | Swamp:1  | Entered Level 1 of the Swamp
 39389 | Swamp:1  | Reached skill level 1 in Short Blades
 39552 | Swamp:1  | Noticed a thorn hunter
 39685 | Swamp:1  | Killed a thorn hunter
 39699 | Swamp:1  | Reached skill level 5 in Stealth
 40249 | D:12     | Bought the Secrets of Prestidigitation for 1032 gold pieces
 41614 | Swamp:2  | Noticed a thorn hunter
 41626 | Swamp:2  | Killed a thorn hunter
 41627 | Swamp:2  | Reached skill level 5 in Short Blades
 42053 | Swamp:2  | Reached XP level 17. HP: 48/91 MP: 23/34
 43129 | Swamp:4  | Entered Level 4 of the Swamp
 43157 | Swamp:4  | Reached skill level 10 in Stealth
 43815 | Swamp:4  | Learned a level 7 spell: Ozocubu's Refrigeration
 43838 | Swamp:4  | Identified the +0 orcbow "Jaetam" {flame, rF++ rC- MP+9
                  | Stlth+}
 44901 | Swamp:4  | Killed themself with a badly aimed burst of rock shards

Illustrated notes

Levels and vault maps discovered:
D:1:      zelgadis_glass_arrival_small, layout_loops_corners,
          hellmonk_ecumenical_altar_inner_sanctum, amcnicky_mini_pool_small,
          st_stairs_12
D:2:      layout_loops_ring, serial_shops, shop, serial_forest,
          infiniplex_forest_fountain, infiniplex_forest_straight_2,
          infiniplex_forest_straight_5, infiniplex_forest_end_3,
          infiniplex_forest_join, infiniplex_forest_straight_3,
          infiniplex_forest_join, guppyfry_early_lair_pool
D:3:      layout_loops_ring, serial_shops, nicolae_shop_just_a_little_nook,
          wander_ebering_terrifying_dragon_lair
D:4:      dreamdust_elfheim, layout_basic, nicolae_overflow_crystal_walls,
          nicolae_the_louvre, uniq_pargi
D:5:      layout_rooms, serial_shops, nicolae_shop_hallway_plus,
          mainiacjoe_sewer_entry_somewhere_in_here_1
D:6:      layout_gridville, nemelex_spade_bored_becter,
          nicolae_shop_firing_range
D:7:      layout_basic, minmay_temple_entry_grid, ebering_ghost_gozag,
          grunt_ministairs_2
D:8:      layout_rooms, disabler_island
D:9:      layout_loops_ring, orc_0_dummy, uniq_erolcha, uniq_harold
D:10:     layout_stronghold, serial_column_ruins, column_ruins_hut_ruined,
          column_ruins_hut_ruined, column_ruins_grid_3,
          column_ruins_open_small_water, column_ruins_columns_corner,
          column_ruins_grid_3, column_ruins_open_tiny_water,
          column_ruins_grid_1, enter_trove_5, grunt_ministairs_4
D:11:     layout_grid_maze, grunt_lair_entry_orc_guard_hut, portal_ice_cave_rime
D:12:     layout_rooms, nicolae_custom_books
D:13:     layout_irregular_city, erik_vaults_2
D:14:     layout_long_grid, serial_shops, nicolae_square_shop, shop,
          nicolae_lakefront_shop, nicolae_shop_dealshenge, shop
D:15:     gammafunk_depths_entry_grave, layout_stronghold, kennysheep_doodads,
          uniq_jorgrun
Temple:   mainiacjoe_temple_big_plus
Lair:1:   layout_chaotic_city, serial_bayou_shore_b, grunt_megastairs_5,
          uniq_gastronok
Lair:2:   layout_hall_layers, alex1729_swamp_entry_worm_eleionoma,
          hellmonk_spider_entry_not_the_bees, serial_bayou_shore_a
Lair:3:   layout_chaotic_city, grunt_megastairs_4
Lair:4:   layout_roguey, dpeg_slime_entry_enclosed, uniq_rupert
Lair:5:   due_jungle_book, layout_gridlike
Swamp:1:  layout_basic_swamp, evilmike_swamp_ruin_rubble_1, swamp_pool3
Swamp:2:  layout_basic_swamp, evilmike_swamp_ruin_house_4, worms_lemuel
Swamp:3:  layout_basic_swamp, evilmike_swamp_ruin_house_1,
          infiniplex_staircase_pool
Swamp:4:  swamp_icy, layout_basic_swamp, swamp_pool1
Orc:1:    layout_caves, serial_shops, nicolae_shop_statue_plus,
          nicolae_volcano_entry_hallway
Orc:2:    st_orc_open, layout_caves, uniq_urug

Skill      XL: |  1  2  3  4  5  6  7  8  9 10 11 12 13 14 15 16 17 |
---------------+----------------------------------------------------+-----
Spellcasting   | 3 4 5 6 8 10 11 12 14 | 14.0
Air Magic      | 1 2 3 5 |  5.0
Poison Magic   | 4 5 7 9 10 | 10.0
Dodging        | 3 4 7 8 12 15 16 | 16.8
Fighting       | 2 3 5 7 10 11 | 11.3
Transmutations | 3 6 12 | 12.1
Evocations     | 8 9 10 11 | 11.0
Conjurations   | 1 3 5 |  5.0
Ice Magic      | 9 11 12 14 | 14.6
Short Blades   | 5 |  5.0
Stealth        | 8 13 | 13.4

Action                     |  1- 3 |  4- 6 |  7- 9 | 10-12 | 13-15 | 16-18 || total
---------------------------+-------+-------+-------+-------+-------+-------++-------
  Melee: Dagger            |     1 |    33 |     6 |       |       |       ||    40
         Spear             |       |       |     3 |   235 |   661 |    54 ||   953
         Punch             |       |       |       |     3 |    12 |     1 ||    16
         Knife             |       |       |       |       |     3 |   499 ||   502
   Cast: Sting             |    59 |   101 |   186 |    31 |     3 |       ||   380
         Poisonous Vapours |    10 |    46 |    13 |    33 |    24 |     7 ||   133
         Ignite Poison     |       |       |    20 |    95 |   128 |    38 ||   281
         Olgreb's Toxic Ra |       |       |    32 |    80 |   180 |   129 ||   421
         Mephitic Cloud    |       |       |     8 |    66 |    64 |       ||   138
         Ozocubu's Armour  |       |       |       |     3 |     6 |     5 ||    14
         Freezing Cloud    |       |       |       |       |    57 |    15 ||    72
         Eringya's Noxious |       |       |       |       |     9 |     4 ||    13
         Petrify           |       |       |       |       |       |   118 ||   118
         Irradiate         |       |       |       |       |       |    21 ||    21
  Evoke: Wand              |       |       |       |    10 |     5 |     1 ||    16
    Use: Scroll            |       |     5 |     2 |     8 |    13 |     2 ||    30
         Potion            |       |     1 |     2 |     3 |       |       ||     6
   Stab: Distracted        |       |       |       |     2 |     1 |     3 ||     6
         Petrified         |       |       |       |       |       |    92 ||    92
         Petrifying        |       |       |       |       |       |   105 ||   105
         Sleeping          |       |       |       |       |       |    10 ||    10
 Armour: Robe              |     3 |    15 |    34 |    60 |   232 |   204 ||   548
         Skin              |       |     9 |       |       |     8 |       ||    17
  Dodge: Dodged            |    15 |    47 |    67 |   265 |   877 |   708 ||  1979

Table legend: (Time is in decaauts)
 A = Elapsed time spent in this place.
 B = Non-inter-level travel time spent in this place.
 C = Inter-level travel time spent in this place.
 D = Time resting spent in this place.
 E = Time spent auto-exploring this place.
 F = Levels seen in this place.
 G = Mean time per level.
                   A        B        C        D        E       F      G
               +--------+--------+--------+--------+--------+-----+--------+
         Total |  36216 |  34857 |   1359 |  16333 |   9775 |  30 | 1207.2 |
       Dungeon |  16634 |  15763 |    871 |   7068 |   5330 |  15 | 1108.9 |
        Temple |    142 |    116 |     26 |    109 |      0 |   1 |  142.0 |
          Lair |   7884 |   7554 |    330 |   3547 |   2145 |   5 | 1576.8 |
         Swamp |   4809 |   4716 |     93 |   2000 |   1103 |   4 | 1202.2 |
  Orcish Mines |   2074 |   2037 |     37 |    951 |    513 |   2 | 1037.0 |
         Sewer |   1459 |   1459 |      0 |    696 |    400 |   1 | 1459.0 |
      Ice Cave |   2485 |   2485 |      0 |   1586 |    164 |   1 | 2485.0 |
       Volcano |    725 |    725 |      0 |    374 |    118 |   1 |  725.0 |
               +--------+--------+--------+--------+--------+-----+--------+

Top non-repeatable levels by time:
  Lair:5: 2730 daAuts
   IceCv: 2485 daAuts
    D:11: 2111 daAuts
    D:15: 1890 daAuts
 Swamp:4: 1535 daAuts
     D:9: 1496 daAuts
   Sewer: 1459 daAuts
  Lair:1: 1428 daAuts
 Swamp:1: 1414 daAuts
  Lair:4: 1354 daAuts
   Orc:2: 1342 daAuts
     D:7: 1337 daAuts
  Lair:3: 1319 daAuts
 Swamp:2: 1152 daAuts
    D:14: 1135 daAuts
